AoeStats
← TheQuietRiot

Arabian Desert

509979851Analyzed
1v1 RM · 2d ago on Sep 28, 2026· 37m 48s· 2 players
Game mode
Random Map
Map size
Tiny (2 player)
Population
200
Speed
Normal
Resources
Standard
Victory
Conquest
Starting age
Dark Age
Ending age
Imperial Age
RankedLock teamsTeams togetherTeam positionsShared explorationLock speedFull tech treeHidden civsTurbo modeCheats
Victory
Defeat
🇺🇸 Wei · United States
962
+17
🇬🇧 Saxons · United Kingdom
973
-17
Pumbloom
6:38 Loom
9:10 Feudal Age
9:55 Double-Bit Axe
15:59 Forging
16:32 Wheelbarrow
16:06 Horse Collar
17:43 Bloodlines
21:10 Castle Age
22:43 Bloodlines
22:36 Husbandry
24:09 Scale Barding Armor
24:40 Iron Casting
28:19 Fletching
29:26 Bow Saw
30:30 Hand Cart
35:11 Heavy Plow
36:53 Chain Barding Armor
37:11 Bodkin Arrow
TheQuietRiot
10:11 Feudal Age
10:55 Loom
11:41 Double-Bit Axe
16:31 Fletching
22:50 Castle Age
22:27 Horse Collar
23:02 Forging
23:23 Crossbowman
25:45 Bodkin Arrow
26:52 Wheelbarrow
30:13 Padded Archer Armor
33:21 Pikeman
34:01 Squires
Connection lost

Rejoining the realm…

Still unreachable

The connection could not be restored.

Session expired

The server has moved on; the page needs a fresh start.